 Dungeon Crawl Stone Soup version 0.27.1-34-g3ba077fa99 (webtiles) character file.

Game seed: 17504801835181130437

9196 keronterestyx the Protected (level 11, -4/87 HPs)
             Began as a Demonspawn Berserker on Jan 7, 2022.
             Was an Elder of Trog.
             Slain by a boulder beetle (10 damage)
             ... on level 9 of the Dungeon on Jan 8, 2022.
             The game lasted 00:53:07 (12641 turns).

keronterestyx the Protected (Demonspawn Berserker) Turns: 12641, Time: 00:53:07

Health: -4/87      AC: 25    Str: 22    XL:     11   Next: 19%
Magic:  11/11      EV: 15    Int:  8    God:    Trog [****..]
Gold:   529        SH:  9    Dex: 12    Spells: 10/10 levels left

rFire    + . .     SeeInvis .   C - +8 whip "Lioff" {speed, Fly}
rCold    . . .     Faith    .   A - +0 buckler
rNeg     + . .     Spirit   .   e - +1 chain mail {rF+}
rPois    .         Reflect  +   c - +2 helmet
rElec    .         Harm     .   g - +0 cloak
rCorr    .         Rampage  .   i - +0 pair of gloves
Will     ++...                  (no boots)
Stlth    ..........             l - amulet of reflection
HPRegen  1.24/turn              d - ring of positive energy
MPRegen  0.12/turn              m - +4 ring of protection

@: agile, strong-willed (expiring), on berserk cooldown, flying, regenerating
(expiring), slowed, very slow
A: talons 1, molten scales 2, powered by pain 1, demonic magic 2
a: Renounce Religion, Berserk, Trog's Hand, Brothers in Arms


You were on level 9 of the Dungeon.
You worshipped Trog.
Trog was greatly pleased with you.
You visited 2 branches of the dungeon, and saw 10 of its levels.

You collected 529 gold pieces.

Inventory:

Hand Weapons
 f - a +3 whip of holy wrath
 C - the +8 whip "Lioff" (weapon) {speed, Fly}
   (You found it on level 8 of the Dungeon)

   Attacks with this weapon are significantly faster.
   Fly:       It grants you flight.
Armour
 c - a +2 helmet (worn)
 e - a +1 chain mail of fire resistance (worn)
 g - a +0 cloak (worn)
 i - a +0 pair of gloves (worn)
 A - a +0 buckler (worn)
Jewellery
 d - a ring of positive energy (left hand)
 l - an amulet of reflection (around neck)
 m - a +4 ring of protection (right hand)
Wands
 k - a wand of iceblast (6) (quivered)
 o - a wand of charming (10)
 q - a wand of digging (4)
 D - a wand of polymorph (10)
Scrolls
 a - a scroll of identify
 h - 5 scrolls of teleportation
 j - a scroll of fear
 n - 2 scrolls of amnesia {unknown}
 r - 2 scrolls of immolation {unknown}
 s - 4 scrolls of noise
 u - 2 scrolls of fog {unknown}
 y - a scroll of enchant armour
 B - a scroll of holy word
Potions
 b - a potion of brilliance
 p - a potion of heal wounds
 t - a potion of magic
 v - a potion of mutation
 w - 3 potions of lignification
 x - 2 potions of curing
 z - a potion of haste


   Skills:
 + Level 8.5 Fighting
 + Level 7.8 Maces & Flails
 + Level 9.9 Armour
 + Level 7.5 Dodging
 + Level 2.6 Shields


You had 10 spell levels left.
You didn't know any spells.
Your spell library was empty.

Dungeon Overview and Level Annotations

Branches:
Dungeon (9/15)             Temple (1/1) D:7
   Lair: D:8-11         Orc: D:9-12

Altars:
Ashenzari
Cheibriados
Dithmenos
Elyvilon
Fedhas
Gozag
Hepliaklqana
Kikubaaqudgha
Makhleb
Nemelex Xobeh
Okawaru
Qazlal
Ru
Sif Muna
Trog
Uskayaw
Vehumet
Wu Jian
Xom
Yredelemnul
Zin
The Shining One

Shops:
D:1 [   D:8 :


Innate Abilities, Weirdness & Mutations

You have sharp toenails.
You are mostly covered in molten scales. (AC +3)
You sometimes gain a little power by taking damage.
Spells you cast may paralyse nearby enemies.


Message History

The wraith is heavily damaged.
The wraith barely misses you.
You closely miss the wraith. Your kick misses the wraith.
The wraith is heavily damaged.
You block the boulder beetle's attack. The wraith closely misses you.
You hit the wraith but do no damage. Your kick misses the wraith.
The wraith is heavily damaged.
You hit the wraith but do no damage.
The wraith is heavily damaged.
The boulder beetle closely misses you. You block the wraith's attack.
You hit the wraith. You claw the wraith, but do no damage.
The wraith is severely damaged.
You hit the wraith. You claw the wraith, but do no damage.
The wraith is almost destroyed.
The boulder beetle barely misses you.
You completely miss the wraith. You claw the wraith.
You destroy the wraith!
Trog accepts your kill.
You hit the boulder beetle but do no damage.
The boulder beetle is lightly wounded.
The boulder beetle bites you!
* * * LOW HITPOINT WARNING * * *
A red film seems to cover your vision as you go berserk!
You feel yourself moving faster!
You feel mighty! The boulder beetle bites you!
* * * LOW HITPOINT WARNING * * *
You hit the boulder beetle but do no damage.
You claw the boulder beetle, but do no damage.
The boulder beetle is lightly wounded.
You are too berserk!
The boulder beetle curls into a ball and begins rolling!
Items here: (( )))) ††††.
You feel a strong urge to attack something.
An orc wizard comes into view. It is wielding a +0 dagger.
You feel your anger nearly subside.
You are no longer berserk.
You are exhausted.
You feel yourself slow down. You block the boulder beetle's attack.
The boulder beetle stops rolling and uncurls.
You feel the effects of Trog's Hand fading.
The boulder beetle bites you!
You die...

#. ##.......##)
#.####...####..##
#.#(#..###..###.#
## #.#.#.##.....
# #..#.#.).....#
..
#.#.#°###......
#.# #.#°##
##..###..#
####B#### ##K.K #
#..@....# ... .
#.........# K.# .
#..#........#
.... #...........
..# #...........
# ...######...
....# ..o .....#
..


You could see a boulder beetle.

Vanquished Creatures
  Gastronok (D:8)
  A two-headed ogre (D:9)
  A cyclops (D:9)
  An efreet (D:9)
  A wyvern (D:8)
  A shadow (D:9)
  4 wraiths (D:9)
  6 yaks
  A basilisk (D:9)
  Duvessa (D:4)
  3 water moccasins
  A sky beast (D:5)
  2 ice beasts
  A black bear (D:8)
  2 orc warriors
  5 ogres
  3 centaurs
  A phantom (D:5)
  2 kobold brigands (D:9)
  5 bullfrogs
  3 scorpions (D:6)
  A gnoll sergeant (D:8)
  A wyvern zombie (D:9)
  A killer bee (D:9)
  Dowan (D:4)
  8 wights
  A howler monkey (D:9)
  4 jellies
  A bullfrog skeleton (D:6)
  5 orc priests
  Crazy Yiuf (D:3)
  2 gnoll shamans (D:8)
  7 hounds
  Terence (D:3)
  Natasha (thrice) (D:3)
  3 orc wizards
  Ijyb (D:3)
  A killer bee zombie (D:7)
  A howler monkey zombie (D:9)
  15 gnolls
  6 adders
  A white imp (D:7)
  2 ufetubi
  A dart slug (D:4)
  21 orcs
  15 ball pythons
  6 bats
  7 endoplasms
  4 giant cockroaches
  5 hobgoblins
  2 jackals (D:1)
  15 kobolds
  2 quokkas (D:1)
  2 frilled lizards (D:1)
  4 goblins
  3 rats
200 creatures vanquished.

Vanquished Creatures (others)
  A wizard (D:9)
  A quokka (D:3)
  A bat (D:3)
  3 fungi (D:4)
6 creatures vanquished.

Grand Total: 206 creatures vanquished

Notes
Turn   | Place    | Note
-------+----------+-------------------------------------------
     0 | D:1      | keronterestyx the Demonspawn Berserker began the quest for
                  | the Orb.
     0 | D:1      | Reached XP level 1. HP: 18/18 MP: 1/1
   378 | D:1      | Reached skill level 2 in Armour
   378 | D:1      | Gained mutation: You have sharp toenails. [demonic
                  | ancestry]
   378 | D:1      | Reached XP level 2. HP: 15/24 MP: 2/2
  1116 | D:1      | Found Omaf's Antique Armour Shoppe.
  1189 | D:1      | Found a faded altar of an unknown god.
  1198 | D:1      | Reached XP level 3. HP: 28/29 MP: 3/3
  1563 | D:2      | Reached ** piety under Trog
  2138 | D:2      | Gained mutation: Spells you cast may paralyse adjacent
                  | enemies. [demonic ancestry]
  2138 | D:2      | Reached XP level 4. HP: 33/35 MP: 4/4
  2327 | D:3      | Noticed Natasha
  2334 | D:3      | Killed Natasha
  2400 | D:3      | Found an opulent altar of Gozag.
  2439 | D:3      | Reached skill level 3 in Armour
  2439 | D:3      | Gained mutation: You are partially covered in molten
                  | scales. (AC +2) [demonic ancestry]
  2439 | D:3      | Reached XP level 5. HP: 38/42 MP: 5/5
  2527 | D:3      | Noticed Ijyb
  2537 | D:3      | Killed Ijyb
  2541 | D:3      | Noticed Terence
  2555 | D:3      | Killed Terence
  2619 | D:3      | Noticed Natasha
  2631 | D:3      | Killed Natasha
  2762 | D:3      | Found a runed translucent door.
  2763 | D:3      | Noticed Crazy Yiuf
  2777 | D:3      | Killed Crazy Yiuf
  3335 | D:3      | Noticed Natasha
  3344 | D:3      | Killed Natasha
  3345 | D:3      | Gained mutation: You are mostly covered in molten scales.
                  | (AC +3) [demonic ancestry]
  3345 | D:3      | Reached XP level 6. HP: 48/48 MP: 6/6
  3824 | D:4      | Noticed an orc warrior
  4130 | D:3      | Killed an orc warrior
  4130 | D:3      | Reached *** piety under Trog
  4131 | D:3      | Reached skill level 4 in Armour
  4447 | D:4      | Found a hide-covered altar of Uskayaw.
  4594 | D:4      | Noticed Duvessa
  4597 | D:4      | Noticed Dowan
  4613 | D:4      | Killed Dowan
  4619 | D:4      | Killed Duvessa
  4620 | D:4      | Gained mutation: Spells you cast may paralyse nearby
                  | enemies. [demonic ancestry]
  4620 | D:4      | Reached XP level 7. HP: 36/55 MP: 7/7
  4789 | D:4      | Found a shimmering blue altar of Sif Muna.
  4980 | D:4      | Found a snail-covered altar of Cheibriados.
  5048 | D:5      | Entered Level 5 of the Dungeon
  5180 | D:5      | Reached skill level 5 in Armour
  5263 | D:5      | Reached skill level 5 in Fighting
  5697 | D:5      | Reached XP level 8. HP: 62/62 MP: 8/8
  5822 | D:5      | Found a broken altar of Ashenzari.
  6129 | D:5      | Reached skill level 6 in Armour
  6134 | D:5      | Reached skill level 5 in Maces & Flails
  6558 | D:6      | Found a shadowy altar of Dithmenos.
  6713 | D:6      | Found a bloodstained altar of Trog.
  7020 | D:6      | Reached skill level 5 in Dodging
  7478 | D:6      | Gained mutation: You sometimes gain a little power by
                  | taking damage. [demonic ancestry]
  7478 | D:6      | Reached XP level 9. HP: 66/69 MP: 9/9
  7602 | D:6      | Reached **** piety under Trog
  7603 | D:6      | Reached skill level 7 in Armour
  7743 | D:6      | Found a hazy altar of Hepliaklqana.
  9127 | D:7      | Found a staircase to the Ecumenical Temple.
  9136 | Temple   | Entered the Ecumenical Temple
  9779 | D:8      | Reached skill level 8 in Armour
 10427 | D:8      | Found a burning altar of Makhleb.
 10434 | D:8      | Identified the +8 whip "Lioff" {speed, Fly}
 10509 | D:8      | Reached XP level 10. HP: 68/79 MP: 10/10
 10685 | D:8      | Noticed Gastronok
 10719 | D:8      | Killed Gastronok
 10720 | D:8      | Reached skill level 9 in Armour
 10994 | D:8      | Found Afradiem's Book Shoppe.
 11596 | D:8      | Found a sparkling altar of Nemelex Xobeh.
 11775 | D:8      | Found a shimmering altar of Xom.
 12219 | D:9      | Reached skill level 1 in Shields
 12530 | D:9      | Noticed a wizard
 12562 | D:9      | Killed a wizard
 12563 | D:9      | Reached XP level 11. HP: 51/86 MP: 11/11
 12585 | D:9      | Noticed a boulder beetle
 12603 | D:9      | Noticed a two-headed ogre
 12611 | D:9      | Killed a two-headed ogre
 12635 | D:9      | HP: 2/130 [boulder beetle (13)]
 12641 | D:9      | Slain by a boulder beetle

Illustrated notes

Levels and vault maps discovered:
D:1:      dpeg_arrival_round_c, layout_basic, serial_shops,
          nicolae_shop_statue_plus, basic_ecumenical_altar, serial_park_tiny_1,
          minmay_misc_feat_alley, minivault_4
D:2:      layout_basic, minmay_3d_cube
D:3:      layout_basic, grunt_gozag_breadcrumbs, elyvilon_altar_4,
          saegor_snake_ambush, uniq_terence, uniq_crazy_yiuf_cottage, uniq_ijyb,
          uniq_natasha
D:4:      layout_cave_pools, mainiacjoe_overflow_boulevard, chei_slow_surprise,
          lemuel_doored_altar, uniq_duvessa
D:5:      layout_gridville, zin_statuary, lemuel_round_altar,
          chequers_serial_rivers_micro_a
D:6:      layout_loops_ring, mainiacjoe_overflow_concentric_impassable,
          amcnicky_altar_gilded, nzn_hepliaklqana_mist_gate, serial_glass,
          glass_columns_a, glass_columns_b
D:7:      layout_layer_cave, lemuel_temple_firewalk_a
D:8:      layout_loops_corners, nemelex_diamond_rough_becter, bloody_makhleb,
          tgw_xom, serial_shops, nicolae_shop_trees, grunt_ministairs_9,
          st_stairs_12, roderic_lattice_a, uniq_gastronok
D:9:      minmay_the_grid_octo_tiled_octocenter [minmay_the_grid_octo_chip,
          minmay_the_grid_octo_toaster, minmay_the_grid_octo_odd_swirl,
          minmay_the_grid_octo_fat_diamond,
          minmay_the_grid_octo_prize_square_snowflake,
          minmay_the_grid_square_5x5_inner_i,
          minmay_the_grid_square_5x5_three_small,
          minmay_the_grid_square_5x5_one_wall,
          minmay_the_grid_square_5x5_broken_cross], layout_gridville,
          erik_lair_orcish_takeover, hellmonk_guarded_unrand_zhor
Temple:   nicolae_temple_figure_zero

Skill      XL: |  1  2  3  4  5  6  7  8  9 10 |
---------------+-------------------------------+-----
Armour         | 2 3 4 5 6 8 9 |  9.9
Dodging        | 2 3 4 5 6 7 |  7.5
Maces & Flails | 3 4 5 6 7 |  7.8
Fighting       | 4 5 6 7 8 |  8.5
Shields        | 2 |  2.6

Action                   |  1- 3 |  4- 6 |  7- 9 | 10-12 || total
-------------------------+-------+-------+-------+-------++-------
Melee: Mace              |    97 |   138 |   360 |       ||   595
       Kick              |    21 |    43 |   139 |    69 ||   272
       Dire flail        |       |       |    55 |       ||    55
       Whip              |       |       |    15 |   194 ||   209
       Morningstar       |       |       |     8 |       ||     8
Invok: Berserk           |       |     2 |     2 |     3 ||     7
       Trog's Hand       |       |       |     1 |     2 ||     3
Evoke: Wand              |       |     1 |     5 |       ||     6
  Use: Potion            |       |     4 |       |       ||     4
       Scroll            |       |     2 |     7 |     1 ||    10
Armor: Leather armour    |    17 |       |       |       ||    17
       Plate armour      |    20 |    75 |       |       ||    95
       Chain mail        |       |    25 |   290 |    46 ||   361
Dodge: Dodged            |    50 |    36 |   192 |    40 ||   318
Block: Other             |       |    17 |    95 |     1 ||   113
       Reflection        |       |     3 |     1 |     5 ||     9
       Buckler           |       |       |       |    41 ||    41
